AoeStats
← Hector

Black Forest

510139449Analyzed
2v2 RM · 2d ago on Sep 29, 2026· 22m 36s· 4 players
Game mode
Random Map
Map size
Medium (4 player)
Population
200
Speed
Normal
Resources
Standard
Victory
Conquest
Starting age
Dark Age
Ending age
Imperial Age
RankedLock teamsTeams togetherTeam positionsShared explorationLock speedFull tech treeHidden civsTurbo modeCheats
Victory
Defeat
🇦🇹 Wu · Austria
1480
+15
🇦🇹 Japanese · Austria
1433
+18
🇺🇸 Slavs · United States
1472
-17
🇳🇱 Poles · Netherlands
1446
-16
Fritz X2453
0:31 Loom
12:18 Feudal Age
16:10 Castle Age
14:32 Double-Bit Axe
15:16 Horse Collar
18:52 Scale Barding Armor
ANTIFA
1:06 Loom
12:16 Feudal Age
12:55 Double-Bit Axe
13:14 Fishing Lines
16:18 Wheelbarrow
19:54 Castle Age
18:33 Fletching
20:03 Padded Archer Armor
21:12 Bodkin Arrow
21:26 Thumb Ring
21:34 Bow Saw
DeadlyEfficiency
0:42 Loom
11:54 Feudal Age
15:57 Castle Age
14:00 Double-Bit Axe
15:05 Fletching
20:32 Bodkin Arrow
Hector
13:43 Feudal Age
18:39 Castle Age
16:47 Double-Bit Axe
17:43 Fishing Lines
19:38 Gillnets
22:57 Bow Saw
Connection lost

Rejoining the realm…

Still unreachable

The connection could not be restored.

Session expired

The server has moved on; the page needs a fresh start.